Map: Abiogenesis LE

Players

fruitcake - Winner!

  • Race: Terran Terran
  • Spawn Location: 11:00

A.I. 1 (Harder)

  • Race: Protoss Protoss
  • Spawn Location: 5:00

VOD

Have the link to the VOD?

Description

Time

  • Played on: May 5, 2018, 3:14 p.m.
  • Length: 11:19
Show
View Real Time Build Order
Export as new Build Order

fruitcake Terran - Winner!

Build Orders: MMM Bio 

Get SALT Encoding   

  12  0:01  SCV  
  13  0:14  Supply Depot  
  13  0:18  SCV  
  14  0:25  Refinery  
  14  0:30  SCV  
  15  0:46  Barracks  
  15  0:50  SCV  
  16  1:02  SCV  
  17  1:14  SCV  
  18  1:22  Refinery  
  18  1:26  SCV  
  18  1:31  Barracks  
  19  1:37  Marine  
  19  1:38  SCV  
  21  1:50  SCV  
  22  1:55  Marine  
  23  2:02  Supply Depot  
  23  2:11  Engineering Bay  
  23  2:22  Barracks Reactor  
  23  2:24  SCV  
  23  2:26  Barracks Reactor  
  24  2:34  Supply Depot  
  24  2:47  Command Center  
  24  2:58  Marine x2  
  26  3:09  Supply Depot  
  26  3:12  Supply Depot  
  26  3:16  Marine x3  
  26  3:19  Marine  
  30  3:32  Terran Infantry Weapons Level 1  
  30  3:33  Marine  
  31  3:42  Barracks  
  31  3:57  Orbital Command  
  31  4:02  SCV  
  32  4:05  Marine  
  33  4:14  SCV  
  34  4:17  Barracks  
  34  4:20  Marine  
  34  4:21  Marine  
  36  4:26  SCV  
  37  4:33  Marine x2  
  37  4:38  Barracks Tech Lab, SCV, Marine  
  40  4:40  Marine  
  42  4:48  Supply Depot  
  42  4:51  Marine x2  
  44  4:56  Marine  
  44  4:58  SCV  
  44  4:59  SCV  
  47  5:04  Marine  
  48  5:07  Barracks Reactor  
  48  5:10  SCV  
  48  5:11  SCV  
  51  5:18  Marauder  
  51  5:20  Marine x2, Stimpack  
  54  5:22  SCV, Marine  
  44  5:39  Marauder  
  44  5:40  Marine x4  
  47  5:44  Marine  
  47  5:45  Marine  
  47  5:48  SCV  
  48  5:58  Marine x4  
  48  6:00  Marine  
  48  6:03  SCV  
  54  6:12  Refinery  
  54  6:15  SCV, Marine x2  
  54  6:16  Marine x3  
  60  6:20  Terran Infantry Armor Level 1  
  60  6:21  Command Center  
  60  6:26  Marine  
  60  6:27  Marauder  
  63  6:33  Marine x3  
  63  6:34  Marine  
  63  6:39  SCV x2  
  69  6:40  Marine  
  69  6:44  Marine  
  71  6:47  Supply Depot  
  71  6:48  Marauder  
  71  6:51  Marine x2  
  71  6:52  Marine  
  71  6:54  Supply Depot  
  76  6:59  Marine x2  
  78  7:02  Marine  
  69  7:10  Marauder  
  61  7:24  Marine x5  
  61  7:29  SCV  
  68  7:30  SCV  
  68  7:31  Marauder  
  68  7:52  Marauder  
  68  7:55  Factory  
  70  7:59  SCV  
  70  8:00  SCV  
  72  8:14  Marauder  
  72  8:19  SCV  
  75  8:26  Marine  
  75  8:27  Marine x4  
  76  8:28  Marine  
  76  8:31  SCV  
  82  8:35  Marauder  
  82  8:38  Refinery  
  84  8:44  Marine x2  
  84  8:45  SCV  
  87  8:48  Marine x2  
  87  8:49  Marine x2  
  87  8:50  Refinery  
  87  8:51  Factory Reactor  
  91  8:57  SCV, Barracks, Marauder  
  91  9:02  Marine x2, Supply Depot  
  95  9:06  Marine x3  
  95  9:07  Marine  
  95  9:09  SCV  
  91  9:16  Refinery  
  79  9:18  Marauder  
  79  9:20  Marine x2  
  83  9:24  Marine x4  
  83  9:25  Supply Depot  
  87  9:34  Combat Shields  
  87  9:37  SCV  
  87  9:38  Marine x2  
  90  9:39  Marauder  
  90  9:42  Marine x4  
  90  9:45  Barracks  
  96  9:46  Orbital Command  
  96  9:49  SCV, Supply Depot  
  96  9:51  Marine  
  98  9:55  Marine  
  98  9:56  Marine  
  100  10:00  Marine x4  
  100  10:01  SCV, Marauder  
  106  10:08  Marine  
  106  10:13  SCV, Marine x2  
  104  10:17  Marine  
  104  10:18  Marine x3  
  106  10:22  Marauder  
  106  10:26  Marine  
  109  10:31  Marine x2  
  109  10:34  Barracks  
  109  10:35  Marine x2  
  111  10:36  Marine x2  
  115  10:44  Marine, Marauder  
  115  10:45  SCV  
  115  10:49  Marine x2  
  121  10:53  Marine x3  
  121  10:54  Marine  
  125  10:57  SCV  
Show
View Real Time Build Order
Export as new Build Order

A.I. 1 (Harder) Protoss 

Build Orders:  

Get SALT Encoding   

  12  0:00  Probe  
  13  0:13  Probe  
  14  0:19  Pylon  
  14  0:25  Probe  
  15  0:33  Probe  
  15  0:39  Gateway  
  15  0:41  Probe  
  16  0:47  Assimilator  
  17  0:51  Probe  
  18  0:59  Probe  
  18  1:01  Pylon  
  19  1:22  Probe  
  20  1:28  Zealot  
  20  1:30  Cybernetics Core  
  22  1:40  Gateway  
  22  1:45  Assimilator  
  22  1:57  Stalker  
  22  2:01  Pylon  
  22  2:04  Warp Gate  
  24  2:27  Stalker  
  26  2:30  Stalker  
  28  2:44  Pylon  
  28  2:57  Stalker  
  30  3:00  Stalker  
  30  3:03  Probe  
  33  3:16  Probe  
  33  3:19  Pylon  
  34  3:27  Adept  
  34  3:28  Probe  
  34  3:31  Adept  
  39  3:35  Forge  
  39  3:40  Probe  
  40  3:52  Probe  
  40  3:54  Zealot  
  43  4:02  Probe  
  44  4:45  Protoss Ground Weapons Level 1  
  44  4:54  Sentry  
  44  4:56  Gateway  
  44  4:58  Pylon  
  46  5:00  Photon Cannon  
  46  5:01  Sentry  
  46  5:02  Photon Cannon  
  48  5:17  Sentry  
  50  5:24  Sentry  
  50  5:30  Forge  
  44  5:40  Adept  
  40  5:45  Protoss Ground Armor Level 1  
  40  5:47  Stalker  
  40  5:54  Stalker  
  40  6:02  Stalker  
  42  6:10  Adept  
  42  6:11  Nexus  
  44  6:17  Zealot  
  46  6:24  Robotics Facility  
  46  6:25  Sentry  
  48  6:32  Sentry  
  50  6:39  Zealot  
  52  6:42  Pylon  
  52  6:47  Stalker  
  54  6:55  Stalker  
  56  7:03  Zealot  
  51  7:10  Zealot  
  51  7:14  Observer  
  52  7:18  Sentry  
  54  7:23  Probe  
  54  7:25  Adept, Probe  
  58  7:32  Assimilator  
  58  7:33  Pylon  
  58  7:34  Pylon  
  58  7:35  Observer, Probe  
  60  7:37  Probe  
  61  7:47  Probe  
  61  7:49  Probe  
  63  7:55  Stargate  
  63  7:59  Probe  
  63  8:01  Probe  
  65  8:09  Photon Cannon  
  65  8:10  Probe  
  66  8:13  Probe  
  66  8:18  Probe  
  67  8:21  Photon Cannon  
  67  8:22  Probe  
  67  8:26  Probe  
  69  8:30  Probe  
  69  8:32  Twilight Council  
  71  8:37  Probe  
  72  8:52  Nexus  
  70  9:13  Gateway  
  70  9:16  Templar Archives, Stalker  
  44  9:28  Robotics Facility  
  44  9:31  Zealot  
  46  9:46  Stargate  
  46  9:49  Assimilator  
  46  9:50  Stalker  
  48  9:59  Stalker  
  46  10:04  Gateway  
  45  10:07  Zealot  
  45  10:13  Zealot  
  44  10:18  Zealot  
  40  10:22  Zealot  
  40  10:28  Zealot  
  31  10:37  Pylon, Stalker  
  31  10:42  Stalker  
  31  10:52  Cybernetics Core  
  27  10:59  High Templar  
Tags
 
Add a new tag
Caveats
  • Supply blocks, unpowered buildings, or Contaminate may cause inaccurate times.
  • Supply counts are checked every 10 seconds.